 Dungeon Crawl Stone Soup version 0.22-a0-866-geee5034 (webtiles) character file.

25 Johnny the Digger (level 3, 0/25 HPs)
             Began as a Human Earth Elementalist on July 28, 2018.
             Slain by a kobold
             ... wielding a +0 dagger
              (4 damage)
             ... on level 1 of the Dungeon.
             The game lasted 00:00:56 (796 turns).

Johnny the Digger (Human Earth Elementalist)         Turns: 796, Time: 00:00:57

Health: 0/25       AC:  2    Str:  8    XL:     3   Next: 17%
Magic:  1/6        EV: 12    Int: 16    God:
Gold:   10         SH:  0    Dex: 13    Spells: 5/6 levels left

rFire    . . .     SeeInvis .   (no weapon)
rCold    . . .     Gourm    .   (no shield)
rNeg     . . .     Faith    .   c - +0 robe
rPois    .         Spirit   .   (no helmet)
rElec    .         Reflect  .   (no cloak)
rCorr    .         Harm     .   (no gloves)
MR       .....                  (no boots)
Stlth    ++........             (no amulet)
HPRegen  0.08/turn              (no ring)
MPRegen  0.10/turn              (no ring)

@: no status effects
A: no striking features
a: no special abilities


You were on level 1 of the Dungeon.
You were not hungry.

You visited 1 branch of the dungeon, and saw 1 of its levels.

You collected 10 gold pieces.

Inventory:

Missiles
 b - 4 stones (quivered)
Armour
 c - a +0 robe (worn)
Scrolls
 a - a scroll of identify {unknown}
Comestibles
 d - 4 rations


   Skills:
 + Level 0.5 Fighting
 + Level 0.7 Armour
 + Level 2.2 Dodging
 - Level 2.0 Stealth
 * Level 2.4 Spellcasting
   Level 1.0 Transmutations
 * Level 3.3 Earth Magic


You had 5 spell levels left.
You knew the following spells:

 Your Spells              Type           Power        Failure   Level  Hunger
a - Sandblast             Erth           ##....       4%          1    #......

Your spell library contained the following spells:

 Spells                   Type           Power        Failure   Level  Hunger
 Stone Arrow              Conj/Erth      #.....       30%         3    ###....
 Passwall                 Tmut/Erth      #.......     12%         2    ###....
 Lee's Rapid Deconstruct  Erth           ##........   80%         5    ######.
 Petrify                  Tmut/Erth      #.......     63%         4    #####..


Dungeon Overview and Level Annotations

Branches:
Dungeon (1/15)

Altars:


Message History

A kobold is nearby!
A kobold is nearby!
Casting: Sandblast (safe; 4% risk of failure)
Confirm with . or Enter, or press ? or * to list all spells.
Aiming: Sandblast (safe; 4% risk of failure)
Press: ? - help, Shift-Dir - straight line, f/p - kobold
Aim: a kobold, wielding a dagger (heavily wounded)
The blast of sand misses the kobold.
b - 5 stones The kobold hits you with a dagger.
* * * LOW HITPOINT WARNING * * *
Casting: Sandblast (safe; 4% risk of failure)
Confirm with . or Enter, or press ? or * to list all spells.
Aiming: Sandblast (safe; 4% risk of failure)
Press: ? - help, Shift-Dir - straight line, f/p - kobold
Aim: a kobold, wielding a dagger (heavily wounded)
The blast of sand misses the kobold.
b - 4 stones The kobold hits you with a dagger.
You die...

#.#####....##..####
#...#..............
.#..#.##.#.##..####
###.##....##.#.##..####
... .....##.#.##......
#.##.##.##.#.##.#####
#.#.#.# #.......####
#K..# #...†....... #@#
##......#### #####.##
##.##.##### ###.#
#......# #..........
...(# #.###..#
#...#.##### .....#
###.###..# #.....#
...... .........#
#...#.# .>..#
###.####.# #.###.#
##.s## #.# #.# #.#
.#.... #.# ##.###.#


You could see a kobold.

Vanquished Creatures
  2 dart slugs (D:1)
  A leopard gecko (D:1)
  2 bats (D:1)
  2 giant cockroaches (D:1)
  3 hobgoblins (D:1)
  2 jackals (D:1)
  A frilled lizard (D:1)
  3 kobolds (D:1)
  4 rats (D:1)
20 creatures vanquished.

Notes
Turn   | Place    | Note
-------+----------+-------------------------------------------
     0 | D:1      | Johnny the Human Earth Elementalist began the quest for the Orb.
     0 | D:1      | Reached XP level 1. HP: 13/13 MP: 3/3
    29 | D:1      | Reached XP level 2. HP: 17/19 MP: 0/5
   664 | D:1      | Reached XP level 3. HP: 17/25 MP: 2/6
   796 | D:1      | Slain by a kobold

Vault maps used:
D:1:      tarquinn_simple_flora_water_d, bh_walls_and_bars

Action                   || total
-------------------------++-------
Melee: Unarmed           ||    65
 Cast: Sandblast         ||    28
 Stab: Sleeping          ||     2
Armor: Robe              ||    21
Dodge: Dodged            ||    51

Table legend:
 A = Spawn XP
 B = Non-spawn XP
 C = Spawn XP percentage of total XP
 D = Spawn monster count
 E = Non-spawn monster count
 F = Spawn count percentage of total count
 G = Total turns spent on level
                    A         B        C        D         E        F      G
               +---------+---------+-------+---------+---------+-------+---------
         Total |       0 |      36 |   0.0 |       0 |      20 |   0.0 |   796
               +---------+---------+-------+---------+---------+-------+---------
           D:1 |       0 |      36 |   0.0 |       0 |      20 |   0.0 |   796
               +---------+---------+-------+---------+---------+-------+---------
